 Dungeon Crawl Stone Soup version 0.10.4 character file.

374 Antunes the Skirmisher (level 6, 0/46 HPs)
             Began as a Human Abyssal Knight on June 10, 2013.
             Was an Elder of Lugonu.
             Slain by an orc
             ... wielding a -1,+1 orcish trident
              (3 damage)
             ... on Level 5 of the Dungeon on June 11, 2013.
             The game lasted 00:42:19 (3430 turns).

Antunes the Skirmisher (Human Abyssal Knight)       Turns: 3430, Time: 00:42:19

HP   0/46        AC  5     Str 17      XL: 6   Next: 25%
MP   9/9         EV  8     Int 15      God: Lugonu [****..]
Gold 141         SH  9     Dex 12      Spells:  0 memorised,  8 levels left

Res.Fire  : . . .   See Invis. : .   a - +2 short sword
Res.Cold  : . . .   Warding    : . . r - +0 ring mail
Life Prot.: . . .   Conserve   : .   x - +2 buckler
Res.Acid. : . . .   Res.Corr.  : .   (no helmet)
Res.Poison: .       Clarity    : .   (no cloak)
Res.Elec. : .       Spirit.Shd : .   (no gloves)
Sust.Abil.: . .     Stasis     : .   (no boots)
Res.Mut.  : .       Ctrl.Telep.: .   (no amulet)
Res.Rott. : .       Levitation : .   (no ring)
Saprovore : . . .   Ctrl.Flight: .   (no ring)

@: mighty, slightly resistant to hostile enchantments, unstealthy
A: no striking features
a: Depart the Abyss, Bend Space, Banish, Corrupt, Renounce Religion


You were on level 5 of the Dungeon.
You worshipped Lugonu.
Lugonu was extremely pleased with you.
You were not hungry.

You visited 1 branch of the dungeon, and saw 5 of its levels.
You visited the Abyss 1 time.

You collected 121 gold pieces.

Inventory:

Hand weapons
 a - a +2,+2 short sword (weapon)
 d - a +1,+1 dwarven dagger
 e - a +0,+0 elven dagger
 g - a -1,+0 orcish club
 h - a +0,+0 club
 i - a -1,+0 orcish dagger
 p - a +0,+0 sabre
 u - a +0,+0 elven dagger
 A - a +0,+0 halberd
 C - a +2,+0 elven dagger
 D - a +0,+0 sling
Missiles
 j - 22 +0 arrows
 k - 11 +4 sling bullets
 l - 16 +0 darts (quivered)
 v - 27 +0 sling bullets
Armour
 b - a +0 leather armour
 q - a +0 elven buckler
 r - a +0 ring mail (worn)
 x - a +2 buckler (worn)
Magical devices
 o - a wand of draining (14) {unknown}
 y - a wand of magic darts (10)
 H - a wand of cold (5) {unknown}
Comestibles
 c - a bread ration
 m - a chunk of worm flesh
 t - 2 meat rations
Scrolls
 w - a scroll of identify
 z - a scroll of teleportation
 G - 3 scrolls of random uselessness
Potions
 f - 2 potions of cure mutation
 n - a potion of heal wounds {unknown}
 s - a potion of paralysis {unknown}
 B - a potion of curing
 E - a potion of degeneration {unknown}
 F - a potion of poison {unknown}


   Skills:
 + Level 3.4 Fighting
 + Level 2.6 Short Blades
 + Level 1.3 Throwing
 + Level 3.1 Armour
 + Level 2.0 Dodging
 * Level 2.3 Stealth
 * Level 1.4 Stabbing
 * Level 1.2 Shields
 + Level 1.6 Traps & Doors
 + Level 1.6 Spellcasting
 * Level 3.1 Invocations
 * Level 1.0 Evocations


You had 8 spell levels left.
You didn't know any spells.

Dungeon Overview and Level Annotations

Branches:
Dungeon (5/27)
 Temple: D:4-7

Altars:
Cheibriados
The Shining One

Annotations
D:3 Grinder, Sigmund
D:4 Edmund
D:5 Eustachio


Message History

An arrow hits the orc!
The orc hits you from afar with an orcish trident.
* * * LOW HITPOINT WARNING * * *
The orc wizard picks up a club.
You slash the hound!
The hound is almost dead.
The hound bites you.
* * * LOW HITPOINT WARNING * * *
An arrow hits the orc wizard!
The orc barely misses you.
You puncture the hound!
You kill the hound!
Lugonu accepts your kill.
Your Dodging skill increases to level 2!
Your Evocations skill increases to level 1!
The orc wizard unwields an uncursed orcish dagger.
The orc wizard drops an uncursed orcish dagger.
The orc wizard picks up an orcish flail.
The orc wizard wields an orcish flail.
The orc hits you but does no damage.
The orc hits you from afar with an orcish trident.
You die...

... #....###
#......####
#.........#####
........o#@..#
#...#o..#%o.#
######...##.ooo.!#.
.......................
####.)..#....###....
#.)...###### #.#.
#...### .. #...# ###.##


You could see an orc wizard and 2 orcs.

Vanquished Creatures
  A hound (D:5)
  An orc wizard (D:5)
  A worker ant (D:3)
  4 gnolls (D:4)
  3 adders
  An adder zombie (D:5)
  A worm (D:4)
  An ooze (D:4)
  8 orcs
  A ball python (D:1)
  11 bats
  2 giant cockroaches
  11 goblins
  8 hobgoblins
  6 jackals
  5 kobolds
  5 giant newts
  6 rats
76 creatures vanquished.

Vanquished Creatures (others)
  A bat (D:1)
  A goblin (D:5)
  A rat (D:1)
3 creatures vanquished.

Grand Total: 79 creatures vanquished

Notes
Turn   | Place    | Note
--------------------------------------------------------------
     0 | Abyss    | Antunes, the Human Abyssal Knight, began the quest for the Orb.
     0 | Abyss    | Reached XP level 1. HP: 16/16 MP: 1/1
    23 | D:1      | You pass through the gate.
    98 | D:1      | Reached XP level 2. HP: 22/22 MP: 2/2
   349 | D:1      | Acquired Lugonu's second power
   804 | D:2      | Reached XP level 3. HP: 22/28 MP: 4/4
  1000 | D:2      | Found a glowing golden altar of the Shining One.
  1033 | D:2      | Reached skill level 1 in Stealth
  1188 | D:2      | Reached skill level 1 in Traps & Doors
  1188 | D:2      | Reached skill level 1 in Spellcasting
  1508 | D:2      | Reached XP level 4. HP: 29/34 MP: 5/5
  1694 | D:3      | Acquired Lugonu's third power
  1726 | D:3      | Noticed Sigmund
  2094 | D:3      | Reached skill level 1 in Stabbing
  2329 | D:3      | Reached XP level 5. HP: 15/40 MP: 7/7
  2475 | D:3      | Noticed Grinder
  2628 | D:4      | Found a snail-covered altar of Cheibriados.
  2980 | D:4      | Reached skill level 1 in Throwing
  3328 | D:4      | Noticed Edmund
  3369 | D:5      | Entered Level 5 of the Dungeon
  3370 | D:5      | Noticed Eustachio
  3400 | D:5      | Reached XP level 6. HP: 21/46 MP: 9/9
  3413 | D:5      | Acquired Lugonu's fourth power
  3413 | D:5      | Reached skill level 1 in Shields
  3430 | D:5      | Reached skill level 1 in Evocations
  3430 | D:5      | Slain by an orc
